 Dungeon Sprint DCSS version 0.22-a0-608-g8a62e23 (webtiles) character file.

17014 George the Brawler (level 12, -5/210 HPs)
             Began as a Troll Berserker on July 9, 2018.
             Was the Champion of Trog.
             Slain by an ettin
             ... wielding a +0 dire flail
              (35 damage)
             ... in the Dungeon (Sprint IX: "|||||||||||||||||||||||||||||").
             The game lasted 00:11:14 (1335 turns).

George the Brawler (Troll Berserker)                Turns: 1335, Time: 00:11:15

Health: -5/210     AC: 21    Str: 37    XL:     12   Next: 15%
Magic:  11/11      EV: 16    Int:  6    God:    Trog [******]
Gold:   1938       SH:  0    Dex: 12    Spells: 11/11 levels left

rFire    . . .     SeeInvis .     - Unarmed
rCold    . . .     Gourm    +   (no shield)
rNeg     . . .     Faith    .   m - +0 storm dragon scales
rPois    .         Spirit   .   z - +2 hat {Int+3}
rElec    +         Reflect  .   l - +2 cloak
rCorr    .         Harm     .   (gloves unavailable)
MR       ++...     NoTele   +   (boots unavailable)
Stlth    ..........             (no amulet)
HPRegen  1.85/turn              n - +3 ring of dexterity
MPRegen  0.12/turn              o - +2 ring of evasion

@: berserking, regenerating, very quick
A: large, unfitting armour, claws 3, fast metabolism 3, gourmand, regeneration
1, shaggy fur 1, tough skin 2
a: Berserk, Trog's Hand, Brothers in Arms, Renounce Religion


You were in the Dungeon.
You worshipped Trog.
Trog was exalted by your worship.
You were full.

You visited 1 branch You collected 1938 gold pieces.

Inventory:

Hand Weapons
 u - the +5 giant spiked club "Juari" {crush, rF+ Stlth+}
   (Trog gifted it to you in the Dungeon)

   It inflicts extra damage upon your enemies.
   It protects you from fire.
   It makes you more stealthy.
Armour
 l - a +2 cloak (worn)
 m - +0 storm dragon scales (worn)
 q - a scarf of repulsion
 y - a +1 large shield
 z - a +2 hat of intelligence (worn)
Jewellery
 n - a +3 ring of dexterity (left claw)
 o - a +2 ring of evasion (right claw)
 t - an uncursed ring of protection from fire
 v - a +3 ring of protection
 w - an uncursed ring of protection from magic
 x - an uncursed ring of see invisible
Wands
 k - a wand of acid (17)
Scrolls
 h - 3 scrolls of blinking
 j - 5 scrolls of remove curse
 r - 6 scrolls of enchant weapon
 s - a scroll of fear
 A - 4 scrolls of enchant armour
Potions
 a - 2 potions of brilliance
 c - 11 potions of curing
 d - 9 potions of heal wounds
 e - a potion of haste
 f - 4 potions of magic
 g - a potion of might
 i - a potion of invisibility
 p - a potion of mutation
Comestibles
 b - 13 rations


   Skills:
 + Level 14.5 Fighting
 + Level 4.3 Maces & Flails
 + Level 6.2 Armour
 + Level 14.5 Dodging
 + Level 16.9 Unarmed Combat


You had 11 spell levels left.
You didn't know any spells.
Your spell library was empty.

Dungeon Overview and Level Annotations

Branches:
Dungeon (1/1)

Altars:
Cheibriados
Dithmenos
Elyvilon
Fedhas
Gozag
Hepliaklqana
Kikubaaqudgha
Makhleb
Nemelex Xobeh
Okawaru
Qazlal
Ru
Sif Muna
Trog
Uskayaw
Vehumet
Wu Jian
Xom
Yredelemnul
Zin
The Shining One
Beogh
Jiyva
Lugonu

Shops:
D :=*=


Innate Abilities, Weirdness & Mutations

You are too large for most types of armour.
You have claws for hands.
Your metabolism is lightning-fast.
You like to eat raw meat.
Your natural rate of healing is unusually fast.
You are covered in fur. (AC +1)
You have very tough skin. (AC +2)


Message History

A blink frog comes into view.
You eviscerate the deep troll earth mage!!!
You kill the deep troll earth mage!
Trog accepts your kill.
Trog appreciates your killing of a magic user.
The ettin misses you. The ettin hits you with a dire flail!!
Things that are here:
an uncursed arbalest; 21 bolts; a yaktaur corpse You claw the ettin!
The ettin is lightly wounded.
The ettin hits you with a dire flail!! x2
* * * LOW HITPOINT WARNING * * *
You scratch the ettin. You claw the ettin, but do no damage.
The ettin is moderately wounded.
A red film seems to cover your vision as you go berserk!
You feel yourself moving faster!
You feel mighty! The ettin hits you with a dire flail!
* * * LOW HITPOINT WARNING * * *
The ettin hits you with a dire flail!!
You die...

▓▓▓▓▓▓▓▓▓▓▓▓▓▓▓▓▓▓▓▓▓▓▓▓
...FpuC@†..).........[[[
▓▓▓▓▓▓▓▓▓▓▓▓▓▓▓▓▓▓▓▓▓▓▓▓▓▓▓▓▓▓▓▓▓
)................................
▓▓▓▓▓▓▓▓▓▓▓▓▓▓▓▓▓▓▓▓▓▓▓▓▓▓▓▓▓▓▓▓▓
....'.....∩)∩.∩)∩))))))......))))
▓▓▓▓▓▓▓▓▓▓▓▓▓▓▓▓▓▓▓▓▓▓▓▓▓▓▓▓▓▓▓▓▓
.................................
▓▓▓▓▓▓▓▓▓▓▓▓▓▓▓▓▓▓▓▓▓▓▓▓▓▓▓▓▓▓▓▓▓
..[[[[..'........)..††........††.


You could see a brown ugly thing, an ettin, a hell knight and a blink frog.

Vanquished Creatures
  Gastronok (D)
  A hydra (D)
  6 orc high priests (D)
  A deep troll earth mage (D)
  2 unseen horrors (D)
  4 orc knights (D)
  4 lindwurms (D)
  An ugly thing (D)
  A manticore (D)
  Maurice (D)
  A torpor snail (D)
  A yaktaur (D)
  A tyrant leech (D)
  A troll (D)
  3 hippogriffs (D)
  A yak (D)
  A steam dragon (D)
  A basilisk (D)
  A hungry ghost (D)
  2 vampire mosquitoes (D)
  4 porcupines (D)
  4 water moccasins (D)
  9 orc warriors (D)
  An ice beast (D)
  2 sky beasts (D)
  A necrophage (D)
  2 crocodiles (D)
  A bullfrog (D)
  A scorpion (D)
  2 crimson imps (D)
  11 orc priests (D)
  A hound (D)
  An orc wizard (D)
  2 adders (D)
  A shadow imp (D)
  2 oozes (D)
  4 worms (D)
  8 orcs (D)
  A bat skeleton (D)
  A bat zombie (D)
  A hobgoblin (D)
  A kobold (D)
  A frilled lizard (D)
  A leopard gecko zombie (D)
98 creatures vanquished.

Notes
Turn   | Place    | Note
-------+----------+-------------------------------------------
     0 | D        | George the Troll Berserker began the quest for the Orb.
     0 | D        | Reached XP level 1. HP: 22/22 MP: 0/0
    10 | D        | Reached ** piety under Trog
    12 | D        | Reached XP level 2. HP: 30/31 MP: 1/1
    13 | D        | Reached skill level 4 in Unarmed Combat
    37 | D        | Reached *** piety under Trog
    49 | D        | Reached skill level 5 in Unarmed Combat
    49 | D        | Reached XP level 3. HP: 28/39 MP: 2/2
    75 | D        | Found a roughly hewn altar of Beogh.
    75 | D        | Found a snail-covered altar of Cheibriados.
    75 | D        | Found a shadowy altar of Dithmenos.
    75 | D        | Found a white marble altar of Elyvilon.
    75 | D        | Found a blossoming altar of Fedhas.
    75 | D        | Found an opulent altar of Gozag.
    76 | D        | Found a hazy altar of Hepliaklqana.
    77 | D        | Found a viscous altar of Jiyva.
    78 | D        | Found an ancient bone altar of Kikubaaqudgha.
    79 | D        | Found a corrupted altar of Lugonu.
    80 | D        | Found a burning altar of Makhleb.
    81 | D        | Found a sparkling altar of Nemelex Xobeh.
    82 | D        | Found an iron altar of Okawaru.
    83 | D        | Found a stormy altar of Qazlal.
    84 | D        | Found a sacrificial altar of Ru.
    85 | D        | Found a deep blue altar of Sif Muna.
    86 | D        | Found a bloodstained altar of Trog.
    87 | D        | Found a hide-covered altar of Uskayaw.
    88 | D        | Found a radiant altar of Vehumet.
    89 | D        | Found an ornate altar of the Wu Jian Council.
    90 | D        | Found a shimmering altar of Xom.
    91 | D        | Found a basalt altar of Yredelemnul.
    92 | D        | Found a glowing silver altar of Zin.
    93 | D        | Found a glowing golden altar of the Shining One.
   121 | D        | Noticed an ice beast
   121 | D        | Noticed a sky beast
   121 | D        | Noticed an orc warrior
   121 | D        | Noticed a water moccasin
   124 | D        | Killed a water moccasin
   124 | D        | Reached **** piety under Trog
   124 | D        | Reached skill level 5 in Fighting
   124 | D        | Reached skill level 5 in Dodging
   124 | D        | Reached skill level 6 in Unarmed Combat
   124 | D        | Reached XP level 4. HP: 52/52 MP: 3/3
   124 | D        | Reached XP level 5. HP: 59/59 MP: 4/4
   130 | D        | Killed an orc warrior
   130 | D        | Reached skill level 7 in Unarmed Combat
   135 | D        | Killed a sky beast
   135 | D        | Reached skill level 8 in Unarmed Combat
   135 | D        | Reached XP level 6. HP: 71/71 MP: 5/5
   139 | D        | Reached ***** piety under Trog
   144 | D        | Killed an ice beast
   144 | D        | Reached skill level 9 in Unarmed Combat
   177 | D        | Noticed a sky beast
   177 | D        | Noticed a troll
   177 | D        | Noticed a hungry ghost
   182 | D        | Killed a hungry ghost
   182 | D        | Reached XP level 7. HP: 79/79 MP: 6/6
   185 | D        | Killed an unseen horror
   185 | D        | Reached skill level 10 in Unarmed Combat
   185 | D        | Reached XP level 8. HP: 92/92 MP: 7/7
   196 | D        | Killed a troll
   196 | D        | Reached skill level 11 in Unarmed Combat
   342 | D        | Noticed a hippogriff
   344 | D        | Killed a hippogriff
   344 | D        | Reached skill level 10 in Fighting
   344 | D        | Noticed a four-headed hydra
   346 | D        | Received a gift from Trog
   346 | D        | Reached skill level 10 in Dodging
   349 | D        | Reached skill level 12 in Unarmed Combat
   349 | D        | Reached XP level 9. HP: 76/101 MP: 8/8
   362 | D        | Killed a four-headed hydra
   368 | D        | Reached ****** piety under Trog
   376 | D        | Reached skill level 13 in Unarmed Combat
   440 | D        | Noticed a torpor snail
   442 | D        | Received a gift from Trog
   451 | D        | Killed a torpor snail
   455 | D        | Reached XP level 10. HP: 68/114 MP: 9/9
   469 | D        | Received a gift from Trog
   545 | D        | Noticed a lindwurm
   545 | D        | Noticed a lindwurm
   545 | D        | Noticed a lindwurm
   549 | D        | Killed a lindwurm
   549 | D        | Reached skill level 14 in Unarmed Combat
   553 | D        | Killed a lindwurm
   561 | D        | Noticed a lindwurm
   564 | D        | Killed a lindwurm
   577 | D        | Killed a lindwurm
   577 | D        | Received a gift from Trog
   706 | D        | Noticed an orc knight
   718 | D        | Killed an orc knight
   723 | D        | Received a gift from Trog
   744 | D        | Reached skill level 15 in Unarmed Combat
   829 | D        | Noticed an orc knight
   846 | D        | Received a gift from Trog
   848 | D        | Noticed an orc knight
   852 | D        | Noticed an orc knight
   856 | D        | Killed an orc knight
   856 | D        | Received a gift from Trog
   856 | D        | Reached XP level 11. HP: 127/127 MP: 10/10
   867 | D        | Killed an orc knight
   871 | D        | Killed an orc knight
   995 | D        | Found Yfac's Jewellery Boutique.
   995 | D        | Noticed an orc high priest
   997 | D        | Noticed an orc high priest
  1002 | D        | Noticed an orc high priest
  1008 | D        | Killed an orc high priest
  1008 | D        | Reached skill level 1 in Armour
  1009 | D        | Received a gift from Trog
  1010 | D        | Found Oneutaf's Assorted Antiques.
  1014 | D        | Received a gift from Trog
  1015 | D        | Found Zaxzoxzots's Jewellery Boutique.
  1022 | D        | Killed an orc high priest
  1024 | D        | Noticed an orc high priest
  1027 | D        | Killed an orc high priest
  1027 | D        | Reached skill level 16 in Unarmed Combat
  1028 | D        | Found Naapes's Book Shop.
  1034 | D        | Killed an orc high priest
  1042 | D        | Received a gift from Trog
  1042 | D        | Noticed an orc high priest
  1045 | D        | Noticed an orc high priest
  1047 | D        | Killed an orc high priest
  1052 | D        | Killed an orc high priest
  1078 | D        | Got a faintly glowing giant spiked club {god gift}
  1082 | D        | Identified the +5 giant spiked club "Juari" {crush, rF+ Stlth+} (Trog gifted it to you in the Dungeon)
  1117 | D        | Noticed Maurice
  1136 | D        | Killed Maurice
  1193 | D        | Noticed Gastronok
  1205 | D        | Killed Gastronok
  1205 | D        | Reached skill level 5 in Armour
  1314 | D        | Noticed a red ugly thing
  1318 | D        | Killed an unseen horror
  1318 | D        | Received a gift from Trog
  1318 | D        | Reached XP level 12. HP: 108/140 MP: 11/11
  1321 | D        | Noticed a deep troll earth mage
  1324 | D        | Noticed an ettin
  1331 | D        | Killed a deep troll earth mage
  1335 | D        | Slain by an ettin

Vault maps used:
D:        linesprint

Skill      XL: |  1  2  3  4  5  6  7  8  9 10 11 12 |
---------------+-------------------------------------+-----
Fighting       | 3 4 5 7 9 10 11 13 14 | 14.5
Dodging        | 3 4 5 7 9 10 11 13 14 | 14.5
Unarmed Combat | 5 6 8 9 10 12 13 15 16 | 16.9
Armour         | 5 6 |  6.2
Maces & Flails | 3 4 |  4.3

Action                   |  1- 3 |  4- 6 |  7- 9 | 10-12 || total
-------------------------+-------+-------+-------+-------++-------
Melee: Unarmed           |    36 |    20 |    49 |   195 ||   300
       Punch             |       |       |     2 |    19 ||    21
       Quarterstaff      |       |       |     7 |       ||     7
Invok: Berserk           |       |     1 |     1 |     4 ||     6
       Trog's Hand       |       |     1 |       |     4 ||     5
  Use: Potion            |     1 |       |       |       ||     1
  Eat: Chunk             |     3 |     4 |     9 |    11 ||    27
Armor: Animal skin       |    11 |     2 |     3 |       ||    16
       Troll leather arm |       |       |     7 |    14 ||    21
       Storm dragon scal |       |       |       |     7 ||     7
Dodge: Dodged            |    13 |    11 |    29 |    90 ||   143
       Deflected         |       |       |       |     1 ||     1

Table legend:
 A = Spawn XP
 B = Non-spawn XP
 C = Spawn XP percentage of total XP
 D = Spawn monster count
 E = Non-spawn monster count
 F = Spawn count percentage of total count
 G = Total turns spent on level
                    A         B        C        D         E        F      G
               +---------+---------+-------+---------+---------+-------+---------
         Total |       0 |   24306 |   0.0 |       0 |      98 |   0.0 |  1335
               +---------+---------+-------+---------+---------+-------+---------
             D |       0 |   24306 |   0.0 |       0 |      98 |   0.0 |  1335
               +---------+---------+-------+---------+---------+-------+---------
